 Dungeon Crawl Stone Soup version 0.29-a0-581-ge9a90b782e (webtiles) character file.

Game seed: 6994550343263436346

182 KristoblXynda the Skirmisher (level 5, 0/67 (70) HPs)
             Began as a Draconian Berserker on June 14, 2022.
             Was a Believer of Trog.
             Slain by Crazy Yiuf
             ... wielding a +2 quarterstaff of chaos
              (1 damage)
             ... on level 3 of the Dungeon.
             The game lasted 00:02:27 (3541 turns).

KristoblXynda the Skirmisher (Draconian Berserker)  Turns: 3541, Time: 00:02:28

HP:   0/67 (70)     AC: 22    Str: 20    XL:     5   Next: 34%
MP:   5/5           EV:  2    Int:  7    God:    Trog [**....]
Gold: 178           SH:  0    Dex: 10    Spells: 4/4 levels left

rFire   . . .      SeeInvis .   a - +0 falchion
rCold   . . .      Faith    .   (no shield)
rNeg    . . .      Spirit   .   (body armour unavailable)
rPois   +          Reflect  .   (helmet currently unavailable)
rElec   .          Harm     .   (cloak currently unavailable)
rCorr   .          Rampage  .   (gloves currently unavailable)
Will    .....      NoTele   +   (boots currently unavailable)
Stlth   +.........              (no amulet)
HPRegen 0.21/turn               (no ring)
MPRegen 0.09/turn               (no ring)

@: lethally poisoned (0 -> -3), tree-form, on berserk cooldown, attractive,
slowed, lightly drained, very slow
A: stationary, stasis, torment immunity, boosted hp, AC +5, unfitting armour,
(cold-blooded), clumsy 1
a: Renounce Religion, Berserk, Trog's Hand


You were on level 3 of the Dungeon.
You worshipped Trog.
Trog was pleased with you.
You were a tree.
You visited 1 branch of the dungeon, and saw 3 of its levels.

You collected 178 gold pieces.

Inventory:

Hand Weapons
 a - a +0 falchion (weapon)
Armour
 d - a +0 pair of gloves (melded)
Scrolls
 b - a scroll of enchant weapon {unknown}
 c - a scroll of magic mapping {unknown}
 h - a scroll of brand weapon {unknown}
 i - a scroll of torment {unknown}
 k - a scroll of identify {unknown}
 l - a scroll of vulnerability {unknown}
 n - 2 scrolls of teleportation {unknown}
 q - 2 scrolls of poison {unknown}
 r - 2 scrolls of enchant armour {unknown}
Potions
 e - a potion of mutation
 f - a potion of lignification
 g - a potion of berserk rage {unknown}
 j - a potion of heal wounds {unknown}
 m - a potion of attraction
 o - 2 potions of flight {unknown}
 p - 2 potions of degeneration {unknown}


   Skills:
 + Level 4.7 Fighting
 + Level 4.3 Long Blades
 + Level 3.8 Dodging


You had 4 spell levels left.
You didn't know any spells.
Your spell library was empty.

Dungeon Overview and Level Annotations

Branches:
Dungeon (3/15)

Altars:

Annotations:
D:3 Crazy Yiuf


Innate Abilities, Weirdness & Mutations

You are a tree.
Your roots penetrate the ground, keeping you stationary.
You cannot be teleported.
You are immune to unholy pain and torment.
Your maximum health is greatly increased.
Your equipment is partially melded.
((Your plain brown scales are hard. (AC +5)))
You cannot fit into any form of body armour.
((You are cold-blooded and may be slowed by cold attacks.))
You are clumsy. (Dex -2)


Message History

You completely miss Crazy Yiuf.
Crazy Yiuf is severely wounded.
Crazy Yiuf cries, "Castle green verde!"
Crazy Yiuf hits you with a +2 quarterstaff of chaos.
You feel drained.
You hit Crazy Yiuf.
Crazy Yiuf is almost dead.
Crazy Yiuf cries, "You leg down broken song, no?"
Crazy Yiuf barely misses you.
Crazy Yiuf says, "Mountain!
East aubergine sallow."
Crazy Yiuf closely misses you.
You hit Crazy Yiuf.
Crazy Yiuf is almost dead.
Crazy Yiuf hits you with a +2 quarterstaff of chaos.
* * * LOW HITPOINT WARNING * * *
You are poisoned.
Unknown command.
It was a potion of mutation.
You feel extremely strange.
You feel clumsy.
* * * LOW HITPOINT WARNING * * *
You feel very sick.
Crazy Yiuf cries, "Liver sallow blue!"
Crazy Yiuf barely misses you.
Crazy Yiuf hits you with a +2 quarterstaff of chaos.
* * * LOW HITPOINT WARNING * * *
Crazy Yiuf freezes you.
* * * LOW HITPOINT WARNING * * *
Unknown command.
It was a potion of lignification.
You turn into a tree.
Your +0 pair of gloves melds into your body.
Your roots penetrate the ground.
You feel sick.
Crazy Yiuf hits you with a +2 quarterstaff of chaos!
* * * LOW HITPOINT WARNING * * *
Unknown command.
It was a potion of attraction.
You feel attractive to monsters.
* * * LOW HITPOINT WARNING * * *
You feel sick.
Crazy Yiuf hits you with a +2 quarterstaff of chaos.
You die...

#############.# #.######### #.#
#.# # #.# #.# # ### #.# # #.# #
#.# # ######### ##### ###.## #
.....#..## ###..)# #†...# #
.........####.'g♣.# #....# #
..........#..##...# #....# #
.....#...#.######## #....# #
.....####### #....# # .....#
###.## #
#######################.# #
............#...........# #
###########.#####################
..........#.#........#...........


You could see Crazy Yiuf.

Vanquished Creatures
  A hound (D:3)
  Terence (D:3)
  An orc wizard (D:3)
  Robin (D:3)
  2 adders
  A worm (D:2)
  6 orcs (D:3)
  6 ball pythons
  5 endoplasms
  2 giant cockroaches
  11 goblins
  10 hobgoblins
  A quokka (D:2)
  2 bats (D:3)
  4 frilled lizards (D:2)
  5 kobolds
  2 rats (D:3)
61 creatures vanquished.

Notes
Turn   | Place    | Note
-------+----------+-------------------------------------------
     0 | D:1      | KristoblXynda the Draconian Berserker began the quest for
                  | the Orb.
     0 | D:1      | Reached XP level 1. HP: 19/19 MP: 1/1
    76 | D:1      | Found a faded altar of an unknown god.
   257 | D:1      | Reached XP level 2. HP: 12/26 MP: 2/2
  1257 | D:2      | HP: 2/40 [poisoned by an adder]
  1572 | D:2      | Reached XP level 3. HP: 33/33 MP: 3/3
  2080 | D:3      | Noticed Terence
  2094 | D:3      | Reached XP level 4. HP: 37/40 MP: 4/4
  2097 | D:3      | Killed Terence
  2237 | D:3      | Noticed Robin
  2261 | D:3      | Reached ** piety under Trog
  2313 | D:3      | Killed Robin
  2344 | D:3      | Reached XP level 5. HP: 38/47 MP: 5/5
  3245 | D:3      | Found a runed translucent door.
  3246 | D:3      | Noticed Crazy Yiuf
  3539 | D:3      | Gained mutation: You are clumsy. (Dex -2) [potion of
                  | mutation]
  3540 | D:3      | HP: 2/67 [Crazy Yiuf/+2 quarterstaff of chaos (8)]
  3541 | D:3      | Slain by Crazy Yiuf

Illustrated notes

Levels and vault maps discovered:
D:1:      grunt_arrival_crossed_arrows, layout_basic,
          chequers_ecumenical_altar_island, minmay_misc_feat_iff
D:2:      layout_basic, minmay_pentomino_q4
D:3:      layout_basic, uniq_terence, uniq_crazy_yiuf_cottage, uniq_robin

Skill      XL: |  1  2  3  4 |
---------------+-------------+-----
Dodging        | 3 |  3.8
Fighting       | 4 |  4.7
Long Blades    | 4 |  4.3

Action                   |  1- 3 |  4- 6 || total
-------------------------+-------+-------++-------
Melee: Falchion          |    98 |    85 ||   183
       Tailslap          |     6 |     8 ||    14
Invok: Berserk           |     4 |     2 ||     6
  Use: Potion            |       |     3 ||     3
 Stab: Sleeping          |     1 |     1 ||     2
Armor: Skin              |    31 |    25 ||    56
Dodge: Dodged            |    59 |    63 ||   122

Table legend: (Time is in decaauts)
 A = Elapsed time spent in this place.
 B = Non-inter-level travel time spent in this place.
 C = Inter-level travel time spent in this place.
 D = Time resting spent in this place.
 E = Time spent auto-exploring this place.
 F = Levels seen in this place.
 G = Mean time per level.
                   A        B        C        D        E       F      G
               +--------+--------+--------+--------+--------+-----+--------+
         Total |   3610 |   3540 |     70 |   1150 |   1926 |   3 | 1203.3 |
       Dungeon |   3610 |   3540 |     70 |   1150 |   1926 |   3 | 1203.3 |
               +--------+--------+--------+--------+--------+-----+--------+

Top non-repeatable levels by time:
     D:3: 1511 daAuts
     D:1: 1102 daAuts
     D:2: 996 daAuts
